 Dungeon Crawl Stone Soup version 0.24-a0-584-g9d6b971ae4 (webtiles) character file.

Game seed: 5462202537270505614, levelgen mode: deterministic

45221 Gargoyl the Envoy of Void (level 14, -14/121 HPs)
             Began as a Centaur Abyssal Knight on Sept 4, 2019.
             Was a High Priest of Lugonu.
             Demolished by a red ugly thing (21 damage)
             ... on level 11 of the Dungeon.
             The game lasted 00:33:07 (28948 turns).

Gargoyl the Envoy of Void (Centaur Abyssal Knight) Turns: 28948, Time: 00:33:09

Health: -14/121    AC: 21    Str: 24    XL:     14   Next: 0%
Magic:  22/22      EV: 12    Int: 11    God:    Lugonu [*****.]
Gold:   1498       SH:  0    Dex: 16    Spells: 13/13 levels left

rFire    . . .     SeeInvis .   L - +8 frozen axe "Frostbite" {freezing cloud, *Noise +Fly rC+}
rCold    + . .     Gourm    .   (shield currently unavailable)
rNeg     . . .     Faith    .   l - +3 scale mail {MR+}
rPois    .         Spirit   .   D - +2 helmet
rElec    .         Reflect  .   u - +0 cloak
rCorr    .         Harm     .   v - +0 pair of gloves
MR       ++...                  (no barding)
Stlth    ..........             (no amulet)
HPRegen  0.30/turn              J - +4 ring of dexterity
MPRegen  0.18/turn              z - +5 ring of strength

@: very quick
A: large, hooves 3, icy blue scales 1, rugged brown scales 1, agile 1, deformed
body, speed 2, screaming 1, tough skin 3
a: Depart the Abyss, Bend Space, Banish, Corrupt, Enter the Abyss, Renounce
Religion, Evoke Flight


You were on level 11 of the Dungeon.
You worshipped Lugonu.
Lugonu was extremely pleased with you.
You were not hungry.

You visited 2 branches of the dungeon, and saw 17 of its levels.
You visited the Abyss 1 time.
You also visited: Volcano.

You collected 1596 gold pieces.
You spent 98 gold pieces at shops.

Inventory:

Hand Weapons
 a - a +2 hand axe of freezing
 j - the +8 glaive of the Guard {elec, +Rage AC+5 SInv}
   (You found it in a volcano)

   Occasionally, upon striking a foe, it will discharge some electrical energy
   and cause terrible harm.
   It affects your AC (+5).
   It lets you see invisible.
   It lets you go berserk.
 w - the +4 hand axe of Linearity {freeze, +Fly Str+7}
   (You found it on level 7 of the Dungeon)

   It has been specially enchanted to freeze those struck by it, causing extra
   injury to most foes and up to half again as much damage against particularly
   susceptible opponents.
   It can also slow down cold-blooded creatures.
   It affects your strength (+7).
   It lets you fly.
 L - the +8 frozen axe "Frostbite" (weapon) {freezing cloud, *Noise +Fly rC+}
   (You found it on level 6 of the Lair of Beasts)

   It has been specially enchanted to freeze those struck by it, causing extra
   injury to most foes and up to half again as much damage against particularly
   susceptible opponents.
   It can also slow down cold-blooded creatures.
   It protects you from cold.
   It lets you fly.
   It may make noises in combat.
Missiles
 p - 20 boomerangs (quivered)
Armour
 l - a +3 scale mail of magic resistance (worn)
 u - a +0 cloak (worn)
 v - a +0 pair of gloves (worn)
 D - a +2 helmet (worn)
 F - a +0 shield of reflection
Jewellery
 z - a +5 ring of strength (right hand)
 B - an uncursed ring of flight
 J - a +4 ring of dexterity (left hand)
 K - an uncursed ring of poison resistance {unknown}
 N - an uncursed ring of wizardry {unknown}
Wands
 h - a wand of acid (3)
 n - a wand of random effects (47)
 y - a wand of flame (18)
 A - a wand of iceblast (14)
 G - a wand of disintegration (18)
 I - a wand of paralysis (9)
 O - a wand of scattershot (6)
Scrolls
 b - 13 scrolls of remove curse
 e - 8 scrolls of teleportation
 o - 5 scrolls of identify
 x - a scroll of fog
 H - a scroll of magic mapping
 M - a scroll of brand weapon
Potions
 d - 3 potions of might
 f - 2 potions of haste
 g - 3 potions of ambrosia
 i - 2 potions of invisibility
 k - 4 potions of curing
 m - a potion of cancellation
 q - a potion of berserk rage
 r - 2 potions of flight
 s - 4 potions of resistance
 t - a potion of brilliance
 C - a potion of magic
 E - a potion of agility
Comestibles
 c - 24 rations


   Skills:
 + Level 9.0 Fighting
 + Level 10.8(11.2) Axes
 + Level 4.8(8.6) Polearms
 + Level 1.6 Throwing
 * Level 10.1 Armour
 * Level 7.3 Dodging
 + Level 2.1 Shields
 * Level 11.5 Invocations
 + Level 1.2 Evocations


You had 13 spell levels left.
You didn't know any spells.
Your spell library contained the following spells:

 Spells                   Type           Power        Failure   Level  Hunger
 Animate Skeleton         Necr           N/A          58%         1    ##.....
 Corona                   Hex            #......      58%         1    ##.....
 Flame Tongue             Conj/Fire      #....        58%         1    ##.....
 Infusion                 Chrm           #...         58%         1    ##.....
 Pain                     Necr           #...         58%         1    ##.....
 Ensorcelled Hibernation  Hex/Ice        #.....       73%         2    ###....
 Shroud of Golubria       Chrm/Tloc      #.....       73%         2    ###....
 Song of Slaying          Chrm           #.......     73%         2    ###....
 Throw Flame              Conj/Fire      #.....       73%         2    ###....
 Confuse                  Hex            #.......     91%         3    ####...
 Conjure Flame            Conj/Fire      #.......     91%         3    ####...
 Dazzling Spray           Conj/Hex       #.....       91%         3    ####...
 Inner Flame              Hex/Fire       #.......     91%         3    ####...
 Regeneration             Chrm/Necr      #.........   91%         3    ####...
 Spectral Weapon          Hex/Chrm       #.......     91%         3    ####...
 Tukima's Dance           Hex            #.......     91%         3    ####...
 Vampiric Draining        Necr           #.........   91%         3    ####...
 Animate Dead             Necr           N/A          100%        4    #####..
 Sticky Flame             Conj/Fire      #.......     100%        4    #####..
 Fireball                 Conj/Fire      #.........   100%        5    ######.


Dungeon Overview and Level Annotations

Branches:
Dungeon (11/15)            Temple (0/1) D:4            Lair (6/6) D:10
 Shoals (0/4) Lair:4        Snake (0/4) Lair:2        Slime (0/5) Lair:6
Volcano (visited)
    Orc: D:9-12

Altars:
Dithmenos
Makhleb
Nemelex Xobeh
Okawaru
Ru
Vehumet
Wu Jian
Yredelemnul
Zin
The Shining One

Shops:
D:6 [

Annotations:
D:3 Sigmund
D:7 2 transporters


Innate Abilities, Weirdness & Mutations

You have hooves in place of feet.
Armour fits poorly on your strangely shaped body.
You cover ground very quickly.
You have extremely tough skin. (AC +3)
You are partially covered in icy blue scales. (AC +2)
You are partially covered in rugged brown scales. (AC +1, +3% HP)
You are agile. (Dex +2)
You occasionally shout uncontrollably at your foes.


Message History

Lugonu accepts your kill.
You have reached level 14!
You closely miss the red ugly thing.
You hear the roaring winds of a snowstorm.
The red ugly thing claws you.
You are engulfed in flames!
You closely miss the red ugly thing. Your kick misses the red ugly thing.
The red ugly thing claws you!
You are engulfed in flames!!
* * * LOW HITPOINT WARNING * * *
The red ugly thing claws you.
* * * LOW HITPOINT WARNING * * *
You are engulfed in flames!
* * * LOW HITPOINT WARNING * * *
You slash the red ugly thing! You freeze the red ugly thing.
Your kick misses the red ugly thing.
The red ugly thing is moderately wounded.
The red ugly thing is engulfed in freezing vapours.
The red ugly thing claws you.
* * * LOW HITPOINT WARNING * * *
You are engulfed in flames!!
You die...

...............
........................
...........#######......
...........# #......
...........# #......
.........### ###....
.........# #.... #.u.#
#.## #.... #.@.# #..#
###....
.###...###..####......
.......................
..............#########
#............###
#..###...###.# #.. #...#
#.# #. #...# #.# ......
..#


You could see a red ugly thing.

Vanquished Creatures
  Fannar (Lair:1)
  3 two-headed ogres
  A skeletal warrior (D:11)
  Pikel (D:7)
  A wolf spider (D:11)
  2 oklob plants
  An ugly thing (D:10)
  4 black mambas
  13 elephants
  A centaur zombie (D:10)
  11 spiny frogs
  4 rime drakes
  3 komodo dragons
  5 hornets
  8 polar bears
  8 blink frogs
  8 hippogriffs
  2 dream sheep (Lair:6)
  30 yaks
  12 spriggans (Lair:6)
  2 wyverns (Lair:6)
  2 basilisks (Lair:4)
  A hungry ghost (D:11)
  A fire elemental (Volcano)
  4 vampire mosquitoes (D:10)
  Edmund (D:4)
  Menkaure (D:4)
  19 water moccasins
  9 porcupines
  4 orc warriors
  4 slaves (D:7)
  2 ice beasts
  3 necrophages
  4 sky beasts
  21 wolves
  5 black bears
  An eye of draining (D:7)
  4 ogres
  5 boggarts (Lair:6)
  4 centaurs
  13 crocodiles
  21 bullfrogs
  An earth elemental (Volcano)
  3 scorpions
  13 killer bees
  5 howler monkeys
  3 electric eels (Lair:1)
  6 jellies
  A bullfrog zombie (D:10)
  7 crimson imps
  5 orc wizards
  3 hounds
  A centaur skeleton (D:6)
  3 orc priests
  3 iguanas
  Jessica (D:3)
  A bullfrog skeleton (D:4)
  A gnoll shaman (D:8)
  8 worker ants
  A hound zombie (D:6)
  3 hound skeletons
  A howler monkey zombie (D:5)
  A worker ant zombie (D:9)
  Robin (D:3)
  8 gnolls
  27 adders
  A shadow imp (D:8)
  7 oozes
  An adder skeleton (D:10)
  2 dart slugs (D:1)
  10 leopard geckos
  25 orcs
  7 giant cockroaches
  20 goblins
  11 hobgoblins
  4 jackals (D:1)
  4 kobolds
  6 quokkas
  6 ball pythons
  9 bats
  7 frilled lizards
  A quokka skeleton (D:8)
  7 rats
  4 fungi
  5 plants
494 creatures vanquished.

Vanquished Creatures (others)
  4 hydras
  4 oklob plants
  A spiny frog (Lair:3)
  A basilisk (Lair:2)
  28 fungi
  43 plants
  5 toadstools (D:1)
86 creatures vanquished.

Grand Total: 580 creatures vanquished

Notes
Turn   | Place    | Note
-------+----------+-------------------------------------------
     0 | Abyss:1  | Gargoyl the Centaur Abyssal Knight began the quest for the
                  | Orb.
     0 | Abyss:1  | Reached XP level 1. HP: 19/19 MP: 2/2
    72 | Abyss:2  | Noticed a starcursed mass
    86 | D:1      | Escaped the Abyss
   638 | D:1      | Reached XP level 2. HP: 20/26 MP: 3/3
  1209 | D:1      | Reached skill level 1 in Dodging
  1627 | D:1      | Reached XP level 3. HP: 31/31 MP: 4/4
  1788 | D:1      | Reached * piety under Lugonu
  2067 | D:2      | Found a sparkling altar of Nemelex Xobeh.
  2145 | D:1      | Reached XP level 4. HP: 5/39 MP: 5/5
  2994 | D:2      | Reached XP level 5. HP: 46/46 MP: 7/7
  3129 | D:3      | Noticed Sigmund
  3188 | D:4      | Noticed Menkaure
  3452 | D:4      | Reached skill level 3 in Invocations
  3772 | D:4      | Found a staircase to the Ecumenical Temple.
  3780 | D:4      | Reached ** piety under Lugonu
  4053 | D:3      | Noticed Jessica
  4057 | D:3      | Killed Jessica
  4057 | D:3      | Reached XP level 6. HP: 48/52 MP: 8/8
  4613 | D:3      | Noticed Robin
  4643 | D:3      | Killed Robin
  5063 | D:4      | Reached *** piety under Lugonu
  5193 | D:4      | Killed Menkaure
  5193 | D:4      | Reached XP level 7. HP: 53/59 MP: 9/9
  5471 | D:4      | Noticed Edmund
  5507 | D:4      | Killed Edmund
  5507 | D:4      | Reached skill level 4 in Invocations
  5902 | D:5      | Entered Level 5 of the Dungeon
  6163 | D:5      | Noticed a hippogriff
  6548 | D:5      | Reached XP level 8. HP: 52/67 MP: 11/11
  6556 | D:5      | Killed a hippogriff
  7322 | D:6      | Reached skill level 5 in Axes
  7439 | D:6      | Reached skill level 5 in Invocations
  7632 | D:6      | Found a glowing silver altar of Zin.
  7647 | D:6      | Found Piluroth's Armour Shoppe.
  7647 | D:6      | Found a basalt altar of Yredelemnul.
  7871 | D:6      | Reached skill level 5 in Armour
  8033 | D:6      | Bought a +0 cloak for 49 gold pieces
  8038 | D:6      | Bought a +0 pair of gloves for 49 gold pieces
  8437 | D:6      | Found a burning altar of Makhleb.
  8955 | D:6      | Reached XP level 9. HP: 66/73 MP: 13/13
  9167 | D:6      | Reached skill level 5 in Fighting
  9421 | D:7      | Found a radiant altar of Vehumet.
  9423 | D:7      | Noticed a cyan ugly thing
  9423 | D:7      | Noticed a cyclops
  9425 | D:7      | Found a transporter.
  9434 | D:7      | Found a transporter.
  9650 | D:7      | Got a crude hand axe
  9651 | D:7      | Identified the +4 hand axe of Linearity {freeze, +Fly
                  | Str+7} (You found it on level 7 of the Dungeon)
  9831 | D:7      | Noticed Pikel
  9875 | D:7      | Killed Pikel
  9875 | D:7      | Reached skill level 6 in Invocations
 10118 | D:7      | Found an iron altar of Okawaru.
 10580 | D:7      | Reached **** piety under Lugonu
 10856 | D:8      | Found a shadowy altar of Dithmenos.
 10868 | D:8      | Reached XP level 10. HP: 82/82 MP: 14/14
 11206 | D:8      | Found a glowing golden altar of the Shining One.
 12552 | D:9      | Reached ***** piety under Lugonu
 12557 | D:9      | Reached skill level 7 in Invocations
 13225 | D:9      | Found a sacrificial altar of Ru.
 13233 | D:9      | Noticed a two-headed ogre
 13263 | D:9      | Killed a two-headed ogre
 13480 | D:9      | Found an iron altar of Okawaru.
 13715 | D:9      | Reached XP level 11. HP: 26/89 MP: 16/16
 14337 | D:10     | Entered Level 10 of the Dungeon
 14691 | D:10     | Reached skill level 5 in Dodging
 14903 | D:10     | Noticed a brown ugly thing
 14923 | D:10     | Killed a brown ugly thing
 15032 | D:10     | Noticed a two-headed ogre
 15210 | D:10     | Killed a two-headed ogre
 15418 | D:10     | Noticed a two-headed ogre
 15427 | D:10     | Killed a two-headed ogre
 15427 | D:10     | Reached skill level 8 in Invocations
 15731 | D:10     | Found a staircase to the Lair.
 16571 | Lair:1   | Entered Level 1 of the Lair of Beasts
 16651 | Lair:1   | Reached skill level 1 in Throwing
 16925 | Lair:1   | Noticed an eight-headed hydra
 16928 | Lair:1   | Found a dark tunnel.
 16939 | Volcano  | Entered a volcano
 16939 | Volcano  | Found the +8 glaive of the Guard {elec, +Rage AC+5 SInv}
 16979 | Volcano  | Noticed a stone giant
 16996 | Lair:1   | Noticed Fannar
 17963 | Lair:1   | Banished an 11-headed hydra
 17971 | Lair:1   | Reached XP level 12. HP: 47/100 MP: 14/18
 18172 | Lair:1   | Noticed a five-headed hydra
 18175 | Lair:1   | Banished a five-headed hydra
 18515 | Lair:1   | Reached skill level 9 in Invocations
 18518 | Lair:1   | Reached skill level 1 in Polearms
 18523 | Lair:1   | Reached skill level 1 in Evocations
 18890 | Lair:1   | Killed Fannar
 19163 | Lair:2   | Found a staircase to the Snake Pit.
 20013 | Lair:2   | Found an ornate altar of the Wu Jian Council.
 20803 | Lair:3   | You fall into a shaft and drop 2 floors!
 21036 | Lair:4   | Noticed a four-headed hydra
 21051 | Lair:4   | Banished a seven-headed hydra
 21339 | Lair:4   | Found a staircase to the Shoals.
 21342 | Lair:4   | Gained mutation: You are partially covered in icy blue
                  | scales. (AC +2) [potion of mutation]
 21342 | Lair:4   | Gained mutation: You occasionally shout uncontrollably at
                  | your foes. [potion of mutation]
 21342 | Lair:4   | Gained mutation: You are agile. (Dex +2) [potion of
                  | mutation]
 21342 | Lair:4   | Gained mutation: You are partially covered in rugged brown
                  | scales. (AC +1, +3% HP) [potion of mutation]
 21581 | Lair:3   | Reached skill level 10 in Invocations
 21620 | Lair:3   | HP: 4/104 [wolf (6)]
 22098 | Lair:3   | Paralysed by a hornet for 2 turns
 23616 | Lair:4   | Reached XP level 13. HP: 99/110 MP: 20/20
 25276 | Lair:6   | Entered Level 6 of the Lair of Beasts
 25337 | Lair:6   | Reached skill level 1 in Shields
 25679 | Lair:6   | Reached skill level 10 in Axes
 26272 | Lair:6   | Reached skill level 11 in Invocations
 26945 | Lair:6   | Found the +8 frozen axe "Frostbite" {freezing cloud, *Noise
                  | +Fly rC+}
 27620 | Lair:6   | Reached skill level 10 in Armour
 28056 | Lair:6   | Found a staircase to the Slime Pits.
 28946 | D:11     | Reached XP level 14. HP: 86/121 MP: 22/22
 28948 | D:11     | Demolished by a red ugly thing

Levels and vault maps discovered:
D:1:      lemuel_arrival_funnel, layout_loops_cross, serial_forest,
          infiniplex_forest_clump_double, infiniplex_forest_clump_long,
          infiniplex_forest_zigzag_2, infiniplex_forest_clump_long,
          infiniplex_forest_zigzag_1, infiniplex_forest_clump_curved,
          infiniplex_forest_fountain, minmay_gold_behind_fungi
D:2:      layout_basic, lemuel_coloured_pillars_altar
D:3:      layout_basic, uniq_jessica, uniq_robin, uniq_sigmund
D:4:      layout_loops_ring, minmay_temple_entry_butterflies, first_ration,
          uniq_edmund, uniq_menkaure
D:5:      layout_rooms
D:6:      layout_basic, kennysheep_mini_moat, overflow_temple_1_default,
          serial_shops, nicolae_shop_trees, makhleb_heckhound_becter
D:7:      layout_basic, kennysheep_little_box, gammafunk_temple_overflow_arena,
          minmay_liquid_box, kennysheep_potato, uniq_pikel
D:8:      layout_basic, old_standard_altar, hangedman_little_slice_of_home,
          nicolae_dithmenos_through_a_glass_darkly
D:9:      layout_basic, lemuel_doored_altar, kennysheep_okawaru_gauntlet
D:10:     layout_loops_ring, due_lair_maze_entry_diamond, grunt_ministairs_11,
          minmay_holes
D:11:     minmay_sliced_demisemicircle, layout_irregular_city,
          minmay_orc_entry_temple_small, serial_shops,
          nicolae_shop_overgrown_old_shop, minmay_misc_feat_cross,
          grunt_decor_one_mirror, kennysheep_small_square
Lair:1:   layout_chaotic_city, nicolae_volcano_entry_two_sided, serial_bayou,
          serial_bayou_lagoon_a, serial_bayou_pond_b, serial_bayou_shore_b,
          serial_bayou_ford_a, serial_bayou_lagoon_b, uniq_fannar
Lair:2:   layout_misc_corridors, minmay_snake_entry_six_corridors, basic_altar,
          minivault_25
Lair:3:   minmay_lair_venomous_thicket, layout_hall_layers,
          eino_small_chamber_without_monster, serial_bayou_shore_a,
          minmay_lair_oklob_chamber
Lair:4:   layout_roguey, elwin_shoals_entry_rocks
Lair:5:   layout_cave_pods, grunt_megastairs_1
Lair:6:   minmay_lair_end_enchanted_forest, layout_layer_cave,
          minmay_slime_entry_oklob_open

Skill      XL: |  1  2  3  4  5  6  7  8  9 10 11 12 13 |
---------------+----------------------------------------+-----
Axes           | 2 3 4 5 7 8 9 10 | 10.8
Dodging        | 1 2 3 4 5 6 7 |  7.3
Armour         | 2 3 4 5 6 7 8 9 10 | 10.1
Invocations    | 3 4 5 6 7 8 10 11 | 11.5
Fighting       | 4 5 6 7 8 9 |  9.0
Throwing       | 1 |  1.6
Polearms       | 4 |  4.8
Evocations     | 1 |  1.2
Shields        | 2 |  2.1

Action                   |  1- 3 |  4- 6 |  7- 9 | 10-12 | 13-15 || total
-------------------------+-------+-------+-------+-------+-------++-------
Melee: Hand axe          |    99 |   209 |   465 |   533 |   303 ||  1609
       Kick              |    14 |    27 |    91 |   236 |   165 ||   533
       Glaive            |       |       |       |   176 |       ||   176
       Executioner's axe |       |       |       |       |    87 ||    87
Throw: Boomerang         |       |       |     3 |     9 |     3 ||    15
Invok: Depart the Abyss  |     1 |       |       |       |       ||     1
       Banish            |       |       |       |    12 |     5 ||    17
       Bend Space        |       |       |       |     1 |       ||     1
 Abil: Evoke Berserk Rag |       |       |       |     2 |       ||     2
       Evoke Flight      |       |       |       |     1 |       ||     1
Evoke: Wand              |       |       |       |     6 |       ||     6
  Use: Scroll            |     2 |     6 |     2 |    18 |     1 ||    29
       Potion            |     1 |     5 |       |    11 |       ||    17
 Stab: Invisible         |       |     2 |       |       |       ||     2
       Distracted        |       |       |       |       |     1 ||     1
  Eat: Chunk             |     3 |     5 |    11 |    29 |     7 ||    55
       Ration            |       |     1 |     2 |     3 |     4 ||    10
Armor: Leather armour    |    15 |       |       |       |       ||    15
       Chain mail        |     8 |       |       |       |       ||     8
       Scale mail        |    44 |   161 |   301 |   453 |   259 ||  1218
Dodge: Dodged            |    35 |   115 |   168 |   381 |   188 ||   887
Block: Shield            |       |       |       |    51 |   147 ||   198

Table legend:
 A = Non-vault XP
 B = Vault XP
 C = Vault XP percentage of total XP
 D = Non-vault monster count
 E = Vault monster count
 F = Vault count percentage of total count
                 A         B        C        D         E       F
            +---------+---------+-------+---------+---------+-------
      Total |   45039 |   19563 |  30.3 |     361 |     131 |  26.6
            +---------+---------+-------+---------+---------+-------
        D:1 |      91 |       0 |   0.0 |      29 |       0 |   0.0
        D:2 |     106 |       0 |   0.0 |      21 |       0 |   0.0
        D:3 |     158 |      72 |  31.3 |      24 |      14 |  36.8
        D:4 |     259 |     336 |  56.5 |      18 |       2 |  10.0
        D:5 |    1033 |       0 |   0.0 |      22 |       0 |   0.0
        D:6 |     973 |      42 |   4.1 |      15 |       1 |   6.2
        D:7 |    1434 |     643 |  31.0 |      20 |       2 |   9.1
        D:8 |    1819 |     162 |   8.2 |      39 |       8 |  17.0
        D:9 |    3930 |       3 |   0.1 |      26 |       2 |   7.1
       D:10 |    4460 |    1897 |  29.8 |      23 |      13 |  36.1
       D:11 |     975 |     850 |  46.6 |       7 |       2 |  22.2
     Lair:1 |    5236 |    1661 |  24.1 |      26 |       4 |  13.3
     Lair:2 |    2270 |    1201 |  34.6 |      12 |      16 |  57.1
     Lair:3 |    4889 |    2253 |  31.5 |      16 |      15 |  48.4
     Lair:4 |    2996 |       0 |   0.0 |       9 |       0 |   0.0
     Lair:5 |    2194 |     373 |  14.5 |      13 |       1 |   7.1
     Lair:6 |   12216 |    9805 |  44.5 |      41 |      49 |  54.4
    Volcano |       0 |     265 | 100.0 |       0 |       2 | 100.0
            +---------+---------+-------+---------+---------+-------
